 Seeded DCSS version 0.30.1-11-g7821555f0a (webtiles) character file.

Game seed: 430007637681659361 (custom seed)

88 McKennaii the Conjurer (level 4, 33/33 HPs)
             Began as a Demigod Conjurer on Jan 13, 2024.
             Quit the game on level 2 of the Dungeon.
             The game lasted 00:02:28 (2088 turns).

McKennaii the Conjurer (Demigod Conjurer)           Turns: 2088, Time: 00:02:28

Health: 33/33      AC:  4    Str:  8    XL:     4   Next: 9%
Magic:  11/11      EV: 12    Int: 30    God:
Gold:   67         SH:  0    Dex: 12    Spells: 6/9 levels left

rFire   . . .        r - staff of earth "Tickacle" {rCorr Int+6}
rCold   . . .        (no shield)
rNeg    . . .        a - +0 robe
rPois   .            m - +0 helmet
rElec   .            (no cloak)
rCorr   +            n - +0 pair of gloves
SInv    .            (no boots)
Will    .....        (no amulet)
Stlth   ++           e - ring of flight
HPRegen 0.25/turn    (no ring)
MPRegen 0.12/turn

%: no passive effects
@: flying
A: high MP 1, forlorn, divine attributes
a: no special abilities


You were on level 2 of the Dungeon.
You visited 1 branch of the dungeon, and saw 2 of its levels.

You collected 67 gold pieces.

Inventory:

Hand Weapons
 h - a +3 war axe
Armour
 a - a +0 robe (worn)
 m - a +0 helmet (worn)
 n - a +0 pair of gloves (worn)
Magical Staves
 r - the staff of earth "Tickacle" (weapon) {rCorr Int+6}
   (You acquired it on level 2 of the Dungeon)

   [staff of earth]

   Base accuracy: +5 Base damage: 5 Base attack delay: 1.2 This weapon's minimum
   attack delay (0.6) is reached at skill level 12.
   Int:       It affects your intelligence (+6).
   rCorr:     It protects you from acid and corrosion.
   It falls into the 'Staves' category.
   It is a one-handed weapon.
Jewellery
 e - a ring of flight (left hand)
Wands
 p - a wand of flame (22)
Scrolls
 c - a scroll of fear {unknown}
 d - 2 scrolls of noise {unknown}
 f - a scroll of brand weapon {unknown}
 g - a scroll of vulnerability {unknown}
 j - a scroll of identify {unknown}
 o - a scroll of acquirement
Potions
 b - a potion of magic
 i - a potion of curing {unknown}
 k - a potion of ambrosia {unknown}
 l - a potion of cancellation {unknown}
 q - a potion of attraction {unknown}


   Skills:
 - Level 1.7 Dodging
 - Level 1.7 Stealth
 + Level 3.0 Spellcasting
 + Level 4.5 Conjurations


You had 6 spell levels left.
You knew the following spells:

 Your Spells              Type           Power      Damage    Failure   Level
a - Magic Dart            Conj           100%       1d8       1%          1
b - Searing Ray           Conj           62%        2d6       1%          2

Your spell library contained the following spells:

 Spells                   Type           Power      Damage    Failure   Level
 Sandblast                Erth           12%        2d6       7%          1
 Dazzling Flash           Conj/Hex       36%        N/A       9%          3
 Stone Arrow              Conj/Erth      54%        3d10      9%          3
 Passwall                 Tmut/Erth      5%         N/A       11%         2
 Fulminant Prism          Conj/Hex       9%         3d7       28%         4
 Iskenderun's Mystic Bla  Conj/Tloc      18%        2d6       28%         4


Dungeon Overview and Level Annotations

Branches:
Dungeon (2/15)


Innate Abilities, Weirdness & Mutations

You have an increased reservoir of magic. (+10% MP)
You shall have no god before yourself.
Your divine heritage dramatically boosts your attributes as you level up.


Message History

Okay, then.
Magic restored.
HP restored.
There is a stone staircase leading down here.
You see here 5 stones.
Found a stone.
Okay, then.
A rat is nearby!
The magic dart hits the rat.
You kill the rat!
You can't see any susceptible monsters within range! (Use Z to cast anyway.)
A ball python is nearby!
A ball python is nearby!
The magic dart hits the ball python.
You kill the ball python!
Key pressed, stopping explore.
You can't see any susceptible monsters within range! (Use Z to cast anyway.)
There is a stone staircase leading up here.
Found an ancient bone altar of Kikubaaqudgha.
You can't see any susceptible monsters within range! (Use Z to cast anyway.)
q - a grey potion You can't see any susceptible monsters within range! (Use Z to cast anyway.) Done exploring.
You can't see any susceptible monsters within range! (Use Z to cast anyway.) Done exploring.
You can't see any susceptible monsters within range! (Use Z to cast anyway.) Done exploring.
You can't see any susceptible monsters within range! (Use Z to cast anyway.) Done exploring.
You can't see any susceptible monsters within range! (Use Z to cast anyway.) Done exploring.
You can't see any susceptible monsters within range! (Use Z to cast anyway.) This is a scroll of acquirement!
Something appears at your feet!
r - the staff of earth "Tickacle" {rCorr Int+6} You feel clever.
r - the staff of earth "Tickacle" (weapon)
{rCorr Int+6} Something appears at your feet!
Something appears at your feet!
Are you sure you want to abandon this character and quit the game? (Confirm with "yes".)

..#
#.........#
###
#.........#
#
#.........#
#.........#
#.>.......#
#.........#
#...._....#
###.....#.#
#.@.....#
##.....##
#######


There were no monsters in sight!

Vanquished Creatures
  Terence (D:2)
  2 adders
  A dart slug (D:1)
  2 endoplasms
  4 giant cockroaches
  3 goblins
  5 hobgoblins
  3 quokkas
  8 ball pythons
  8 bats
  A frilled lizard (D:1)
  A kobold (D:1)
  5 rats
44 creatures vanquished.

Notes
Turn   | Place    | Note
-------+----------+-------------------------------------------
     0 | D:1      | McKennaii the Demigod Conjurer began the quest for the Orb.
     0 | D:1      | Reached XP level 1. HP: 14/14 MP: 5/5
   274 | D:1      | Reached XP level 2. HP: 13/20 MP: 1/7
   449 | D:1      | Learned a level 2 spell: Searing Ray
   506 | D:1      | Reached skill level 4 in Conjurations
  1122 | D:2      | Reached XP level 3. HP: 26/26 MP: 6/9
  1528 | D:2      | Noticed Terence
  1910 | D:2      | Killed Terence
  1911 | D:2      | Reached XP level 4. HP: 6/33 MP: 1/11
  2083 | D:2      | Identified 4 scrolls of acquirement
  2083 | D:2      | Acquired the staff of earth "Tickacle" {rCorr Int+6}
  2086 | D:2      | Acquired an amulet of magic regeneration
  2087 | D:2      | Acquired 1308 gold pieces
  2088 | D:2      | Quit the game

Illustrated notes

Levels and vault maps discovered:
D:1:      wander_arrival_chamber, layout_basic, kennysheep_boxes
D:2:      layout_rooms, dilly_ecumenical_altar_fadedgnrine, basic_altar,
          uniq_terence

Skill      XL: |  1  2  3 |
---------------+----------+-----
Spellcasting   | 2 3 |  3.0
Conjurations   | 4 |  4.5
Dodging        | |  1.7
Stealth        | |  1.7

Action                     |  1- 3 |  4- 6 || total
---------------------------+-------+-------++-------
  Melee: Unarmed           |     4 |       ||     4
         War axe           |     7 |       ||     7
         Punch             |     1 |       ||     1
   Cast: Magic Dart        |    67 |     2 ||    69
         Searing Ray       |     5 |       ||     5
    Use: Scroll            |       |     3 ||     3
 Armour: Robe              |     8 |       ||     8
  Dodge: Dodged            |    16 |       ||    16
